Unix NetHack Version 3.7.0-50 Work-in-progress - last build Mar 2 2022 05:04:30 (3214c02c36e7653d92696a1813e68efb70587e3e,branch:master). Game began 2022-03-02 22:43:39, ended 2022-03-02 23:15:08. wbn, chaotic male elven Ranger ----------- --------------------------------- ###......<...| |...............%*[.............| ###|.........| | ----- -+-----@-----....----.| # --------.-- |*-. |.---- |.| # -h|._@|.| | |.| ## --.| ..|.| .|+--.| #### .| ..|.| .|....|# # .|----.-|--..{.|### ------.- +-|..-..........|# |......| |..|..-|--....|# |......| |----.| .--+-.|# |......| ---|!).|.| .| |.|#[##########.......| |..|)?.-.---| |.-# |......| |..|![.|....| |.|# |......| | --------|------....----.|# -------- |...............................|# ---------------------------------# Wbn the Trailblazer St:15 Dx:10 Co:14 In:14 Wi:13 Ch:7 Chaotic S:2293 Dlvl:6 $:151 HP:0(39) Pw:31(31) AC:7 Xp:6/473 T:2210 Satiated Latest messages: The door resists! The door opens. You hit the gnome mummy. What do you want to wield? [- a-dn-puvy or ?*] a a - a +1 elven dagger (weapon in hand). b - a +1 elven bow (alternate weapon; not wielded). You hit the gnome mummy! The gnome mummy hits! You hit the gnome mummy! You destroy the gnome mummy! You see here a mummy wrapping. The gnomish wizard casts a spell at you! Your brain is on fire! You miss the gnomish wizard. The hobbit shoots a gray stone! You are hit by a gray stone! The gnomish wizard points at you, then curses. You kill the gnomish wizard! The hobbit shoots a gray stone! You are hit by a gray stone. You see here a mummy wrapping. You see here a mummy wrapping. The hobbit opens a door. b - a +1 elven bow (weapon in hand). a - a +1 elven dagger (alternate weapon; not wielded). In what direction? . You cannot throw an object at yourself. In what direction? b You shoot 2 elven arrows. The 1st elven arrow hits the giant beetle! The 2nd elven arrow hits the giant beetle! In what direction? b You shoot 2 elven arrows. The 1st elven arrow hits the giant beetle! The 2nd elven arrow hits the giant beetle! The giant beetle bites! In what direction? b You shoot 2 elven arrows. The 1st elven arrow hits the giant beetle! You kill the giant beetle! There is a giant beetle corpse here; eat it? [ynq] (n) y Ecch - that must have been poisonous! The hobbit shoots a gray stone! You are hit by a gray stone! You die... Do you want your possessions identified? [ynq] (y) y Do you want to see your attributes? [ynq] (y) y Do you want an account of creatures vanquished? [ynaq] (y) y Do you want to see your conduct and achievements? [ynq] (y) y Do you want to see the dungeon overview? [ynq] (y) y Major events: Turn 1: wbn the chaotic male elven Ranger entered the dungeon 2061: reached Mine Town 2210: killed by a flint stone Inventory: Coins $ - 151 gold pieces Weapons n - 8 blessed +0 arrows v - 7 +0 crossbow bolts c - 12 +2 elven arrows (in quiver) o - 13 +2 elven arrows d - 35 +0 elven arrows b - a +1 elven bow (weapon in hand) u - a +0 dagger a - a +1 elven dagger (alternate weapon; not wielded) Armor e - an uncursed +2 elven cloak (being worn) Comestibles r - 2 uncursed food rations f - 3 uncursed lembas wafers g - an uncursed sprig of wolfsbane i - an uncursed lichen corpse Scrolls j - an uncursed scroll of amnesia s - an uncursed scroll of gold detection w - an uncursed scroll of light h - a blessed scroll of remove curse Potions l - an uncursed potion of blindness Tools t - an uncursed blindfold x - an uncursed oil lamp p - a +0 pick-axe y - a +0 pick-axe m - an uncursed tin whistle Wbn the Ranger's attributes: Background: You were a Trailblazer, a level 6 male elven Ranger. You were chaotic, nominally on a mission for Mars who was opposed by Mercury (lawful) and Venus (neutral). You were in the Gnomish Mines, on level 6. You entered the dungeon 2210 turns ago. It was nighttime. There was a new moon in effect when your adventure ended. You had 473 experience points, 167 more were needed to attain level 7. Your score was 2293 before end-of-game adjustments. Basics: You had 0 out of 39 hit points. You had all 31 energy points (spell power). Your armor class was 7. Your wallet contained 151 zorkmids. Autopickup was off. Final Characteristics: Your strength was 15 (peak:17, limit:18). Your dexterity was 10 (limit:18). Your constitution was 14 (limit:16). Your intelligence was 14 (limit:20). Your wisdom was 13 (limit:20). Your charisma was 7 (limit:18). Final Status: You were satiated. You were unencumbered. You were wielding a bow. You were skilled in bow. Final Attributes: You were piously aligned. You were sleep resistant. You had automatic searching. You had infravision. You were stealthy. You aggravated monsters. You were warded. You are dead. Miscellaneous: You never encountered a bones level. Total elapsed playing time was 31 minutes and 28 seconds. Vanquished creatures: a giant beetle a leprechaun a gnome mummy a shrieker 7 gnome leaders a gnomish wizard a little dog a floating eye 8 dwarves a werejackal an iguana a hobbit a yellow mold 19 gnomes a jackal a sewer rat 7 grid bugs a lichen a kobold zombie 4 newts 60 creatures vanquished. No species were genocided or became extinct. Voluntary challenges: You were an atheist. You read items or engraved 1 time. You engraved Elbereth 1 time. You never genocided any monsters. You never polymorphed an object. You never changed form. You used no wishes. Achievements: You entered the Gnomish Mines. You attained the rank of Lookout. You attained the rank of Trailblazer. You entered Minetown. You entered a shop. The Dungeons of Doom: levels 1 to 3 Level 1: A fountain. Level 2: A fountain. Stairs down to The Gnomish Mines. Level 3: The Gnomish Mines: levels 3 to 6 Level 3: Level 4: Level 5: Level 6: <- You were here. A general store, an altar, a fountain. Final resting place for you, killed by a flint stone. Game over: ---------- / \ / REST \ / IN \ / PEACE \ / \ | wbn | | 151 Au | | killed by a | | flint stone | | | | | | 2022 | *| * * * | * _________)/\\_//(\/(/\)/\//\/|_)_______ Goodbye wbn the Ranger... You died in The Gnomish Mines on dungeon level 6 with 2278 points, and 151 pieces of gold, after 2210 moves. You were level 6 with a maximum of 39 hit points when you died.